 Dungeon Crawl Stone Soup version 0.24.0-125-gc4c63601f3 (webtiles) character file.

Game seed: 449894522409600775, levelgen mode: deterministic

613 Frank2 the Cudgeler (level 7, -4/52 HPs)
             Began as a Demonspawn Gladiator on Mar 10, 2020.
             Was a Follower of Ashenzari.
             Slain by a gnoll
             ... wielding a +1 halberd of venom
              (13 damage)
             ... on level 5 of the Dungeon.
             The game lasted 00:06:05 (3770 turns).

Frank2 the Cudgeler (Demonspawn Gladiator)          Turns: 3770, Time: 00:06:05

Health: -4/52      AC:  6    Str: 15    XL:     7   Next: 20%
Magic:  7/7        EV: 12    Int:  9    God:    Ashenzari [*.....]
Gold:   112        SH:  0    Dex: 20    Spells: 6/6 levels left

rFire    . . .     SeeInvis .   a - +0 flail
rCold    . . .     Gourm    .   (no shield)
rNeg     . . .     Faith    .   k - +0 ring mail
rPois    .         Spirit   .   c - +0 helmet
rElec    .         Reflect  .   (no cloak)
rCorr    .         Harm     .   (no gloves)
MR       .....                  (no boots)
Stlth    ++........             (no amulet)
HPRegen  0.17/turn              (no ring)
MPRegen  0.10/turn              (no ring)

@: lethally poisoned (-4 -> -7), lightly drained
A: thin skeletal structure 2, powered by death 1, rot immunity
a: Curse Item, Scrying, Renounce Religion


You were on level 5 of the Dungeon.
You worshipped Ashenzari.
Ashenzari was aware of your devotion.
You were not hungry.

You visited 1 branch of the dungeon, and saw 5 of its levels.

You collected 112 gold pieces.

Inventory:

Hand Weapons
 a - a +0 flail (weapon)
Missiles
 d - 4 throwing nets (quivered)
Armour
 c - a +0 helmet (worn)
 k - a +0 ring mail (worn)
Scrolls
 e - 5 scrolls of remove curse
 h - a scroll of magic mapping {unknown}
 i - a scroll of teleportation {unknown}
 m - 2 scrolls of enchant armour {unknown}
 q - a scroll of fog
 r - a scroll of identify
Potions
 g - 2 potions of haste
 j - a potion of might
 l - a potion of lignification {unknown}
 n - 2 potions of cancellation
 o - 2 potions of curing
 p - a potion of invisibility {unknown}
Comestibles
 b - 4 chunks of flesh
 f - 6 rations


   Skills:
 + Level 3.5(3.0) Fighting
 + Level 5.9(5.5) Maces & Flails
 - Level 1.7(1.3) Throwing
 + Level 2.6(2.2) Armour
 + Level 3.7(3.3) Dodging


You had 6 spell levels left.
You didn't know any spells.
Your spell library was empty.

Dungeon Overview and Level Annotations

Branches:
Dungeon (5/15)
 Temple: D:4-7

Altars:
Ashenzari
Cheibriados


Innate Abilities, Weirdness & Mutations

You have a moderately thin skeletal structure. (Dex +4, Stealth+)
You regenerate a little health from kills.
You are immune to rotting.


Message History

You feel sick.
* * * LOW HITPOINT WARNING * * *
You feel sick.
* * * LOW HITPOINT WARNING * * *
You feel sick.
* * * LOW HITPOINT WARNING * * *
You feel sick.
It was a potion of cancellation.
You feel magically purged.
* * * LOW HITPOINT WARNING * * *
You feel sick. The gnoll closely misses you.
It was a potion of curing.
You feel better. The gnoll closely misses you.
The gnoll hits you from afar with a +1 halberd of venom.
* * * LOW HITPOINT WARNING * * *
You are poisoned.
You feel sick.
You feel sick.
You feel sick. The gnoll hits you but does no damage.
The gnoll hits you from afar with a +1 halberd of venom!
You die...

#........# #.....#
#........# #.#.###
####.###.# ##.#.# #)#
#.#####..#†## .g.
#.g.....##..##
##...##...######..#
..#..#..g......#.#
...#.....g.....#.###
##.###....@....#...#
...#.............#
................#
###.........#...#
#.........#...#
##....<....#.###
#............>##
....####.####...########
##..####...##.#.........


You could see 3 gnolls.

Vanquished Creatures
  Duvessa (D:4)
  Dowan (D:4)
  Natasha (twice) (D:3)
  An iguana (D:4)
  3 orc wizards (D:3)
  A worker ant (D:3)
  Robin (D:4)
  9 gnolls
  7 adders
  2 worms
  4 dart slugs
  A leopard gecko (D:4)
  7 orcs
  A ball python (D:3)
  8 bats
  5 giant cockroaches
  19 goblins
  3 hobgoblins
  9 kobolds
  5 quokkas
  7 frilled lizards
  7 rats
104 creatures vanquished.

Notes
Turn   | Place    | Note
-------+----------+-------------------------------------------
     0 | D:1      | Frank2 the Demonspawn Gladiator began the quest for the
                  | Orb.
     0 | D:1      | Reached XP level 1. HP: 16/16 MP: 1/1
   248 | D:1      | Found a shattered altar of Ashenzari.
   250 | D:1      | Gained mutation: You have a somewhat thin skeletal
                  | structure. (Dex +2, Stealth) [demonic ancestry]
   250 | D:1      | Reached XP level 2. HP: 7/22 MP: 2/2
   293 | D:1      | Became a worshipper of Ashenzari the Shackled
   419 | D:1      | Reached skill level 3 in Maces & Flails
  1144 | D:2      | Gained mutation: You regenerate a little health from kills.
                  | [demonic ancestry]
  1144 | D:2      | Reached XP level 3. HP: 24/27 MP: 3/3
  1286 | D:2      | Reached skill level 1 in Armour
  1758 | D:3      | Gained mutation: You have a moderately thin skeletal
                  | structure. (Dex +4, Stealth+) [demonic ancestry]
  1758 | D:3      | Reached XP level 4. HP: 33/34 MP: 4/4
  2128 | D:3      | Reached skill level 4 in Maces & Flails
  2156 | D:3      | Gained mutation: You are immune to rotting. [demonic
                  | ancestry]
  2156 | D:3      | Reached XP level 5. HP: 38/39 MP: 5/5
  2225 | D:3      | Noticed Natasha
  2240 | D:3      | Killed Natasha
  2337 | D:3      | Noticed Natasha
  2349 | D:3      | Killed Natasha
  2416 | D:3      | Reached XP level 6. HP: 27/46 MP: 6/6
  2964 | D:4      | Found a snail-covered altar of Cheibriados.
  3088 | D:4      | Reached skill level 5 in Maces & Flails
  3100 | D:4      | Noticed Duvessa
  3166 | D:4      | Noticed Dowan
  3179 | D:4      | Killed Duvessa
  3193 | D:4      | Killed Dowan
  3193 | D:4      | Reached XP level 7. HP: 22/52 MP: 7/7
  3380 | D:4      | Reached * piety under Ashenzari
  3380 | D:4      | Noticed Robin
  3483 | D:4      | Killed Robin
  3656 | D:5      | Entered Level 5 of the Dungeon
  3770 | D:5      | Slain by a gnoll

Levels and vault maps discovered:
D:1:      co_arrival_square_in_a_square_in_a_square, layout_basic,
          nicolae_ashenzari_panopticon
D:2:      minmay_alternating_diamond, layout_loops_ring
D:3:      layout_loops_cross, first_ration, kennysheep_generic_room_6,
          uniq_natasha
D:4:      layout_rooms, nicolae_overflow_crystal_walls, uniq_duvessa, uniq_robin
D:5:      layout_rooms, lightli_temple_of_fire, chequers_garden,
          uniq_prince_ribbit1

Skill      XL: |  1  2  3  4  5  6 |
---------------+-------------------+-----
Dodging        | 3 |  3.7
Maces & Flails | 3 4 5 |  5.9
Armour         | 1 2 |  2.6
Fighting       | 3 |  3.5
Throwing       | |  1.7

Action                   |  1- 3 |  4- 6 |  7- 9 || total
-------------------------+-------+-------+-------++-------
Melee: Flail             |   113 |   196 |    75 ||   384
  Use: Scroll            |     5 |       |       ||     5
       Potion            |       |     4 |     2 ||     6
 Stab: Sleeping          |     2 |     7 |       ||     9
  Eat: Chunk             |     3 |     5 |     2 ||    10
Armor: Leather armour    |     7 |       |       ||     7
       Ring mail         |    24 |    83 |    24 ||   131
Dodge: Dodged            |    92 |   129 |    54 ||   275
